 Dungeon Crawl Stone Soup version 0.31.0-32-g396128a36d (webtiles) character file.

Game seed: 6712103387910364746

223 Finalfun the Caller (level 5, -3/41 HPs)
             Began as a Demonspawn Summoner on Mar 24, 2024.
             Killed from afar by a white imp (10 damage)
             ... with a puff of frost
             ... on level 3 of the Dungeon.
             The game lasted 00:09:22 (3081 turns).

Finalfun the Caller (Demonspawn Summoner)           Turns: 3081, Time: 00:09:22

Health: -3/41      AC:  2    Str:  9    XL:     5   Next: 66%
Magic:  0/8        EV: 12    Int: 17    God:
Gold:   72         SH:  0    Dex: 13    Spells: 2/8 levels left

rFire   . . .        r - +1 whip (vamp)
rCold   . . .        (no shield)
rNeg    . . .        a - +0 robe
rPois   .            (no helmet)
rElec   .            (no cloak)
rCorr   .            (no gloves)
SInv    .            (no boots)
Will    .....        (no amulet)
Stlth   ++           (no ring)
HPRegen 0.26/turn    (no ring)
MPRegen 0.11/turn

%: no passive effects
@: inugami summoned
A: foul stench 2
a: no special abilities


You were on level 3 of the Dungeon.
You visited 1 branch of the dungeon, and saw 3 of its levels.

You collected 72 gold pieces.

Inventory:

Hand Weapons
 e - a +0 dagger
 r - a +1 vampiric whip (weapon)
Missiles
 c - 25 stones
 d - 3 boomerangs
Armour
 a - a +0 robe (worn)
Jewellery
 s - a +5 ring of evasion
Wands
 k - a wand of paralysis (10)
 p - a wand of roots (10)
Scrolls
 h - 2 scrolls of blinking {unknown}
 i - a scroll of revelation {unknown}
 l - 5 scrolls of identify {unknown}
 m - a scroll of summoning {unknown}
 n - 2 scrolls of enchant armour {unknown}
 o - a scroll of amnesia {unknown}
 q - a scroll of enchant weapon {unknown}
 v - a scroll of teleportation {unknown}
Potions
 b - 3 potions of magic
 f - 2 potions of enlightenment {unknown}
 g - 2 potions of curing {unknown}
 j - 2 potions of haste {unknown}
 t - a potion of invisibility {unknown}
 u - 2 potions of attraction {unknown}


   Skills:
 - Level 3.0 Fighting
 - Level 1.7 Dodging
 - Level 1.7 Stealth
 + Level 2.4 Spellcasting
 - Level 6.0 Summonings


You had 2 spell levels left.
You knew the following spells:

 Your Spells              Type           Power      Damage    Failure   Level
a - Summon Small Mammal   Summ           88%        N/A       1%          1
b - Call Imp              Summ           44%        N/A       2%          2
c - Call Canine Familiar  Summ           22%        N/A       4%          3

Your spell library contained the following spells:

 Spells                   Type           Power      Damage    Failure   Level
 Summon Blazeheart Golem  Fire/Summ      12%        N/A       47%         4
 Summon Lightning Spire   Summ/Air       12%        N/A       47%         4
 Gell's Gravitas          Tloc           2%         N/A       50%         3
 Teleport Other           Tloc           2%         N/A       50%         3
 Dispersal                Tloc           1%         N/A       100%        6


Dungeon Overview and Level Annotations

Branches:
Dungeon (3/15)

Altars:
Trog

Annotations:
D:2 Sigmund
D:3 2 transporters, Grinder; YordlordTheGreat's ghost, weakling DEHs


Innate Abilities, Weirdness & Mutations

You sometimes emit foul miasma when damaged in melee.


Message History

You see here a +2 mace.
You hit Grinder.
Grinder is heavily wounded.
Your bat closely misses Grinder.
Grinder closely misses you.
Your bat barely misses Grinder.
Your cerulean imp closely misses Grinder.
Your inugami hits Grinder. You hit Grinder but do no damage.
Grinder is severely wounded.
Your bat hits Grinder.
The white imp closely misses your inugami.
Grinder hits you.
You emit a cloud of foul miasma!
Your inugami barely misses Grinder.
Your cerulean imp hits Grinder but does no damage.
You hit Grinder.
Grinder is severely wounded.
Your bat barely misses Grinder.
The white imp barely misses your inugami.
Grinder hits you.
* * * LOW HITPOINT WARNING * * *
You writhe in agony.
* * * LOW HITPOINT WARNING * * *
Your cerulean imp misses Grinder.
Your inugami hits Grinder.
Okay, then.
Your bat hits Grinder but does no damage.
The white imp gestures at you. The puff of frost hits your inugami!
Grinder blinks!
Your cerulean imp barely misses Grinder.
Your bat barely misses the white imp.
Your bat closely misses the white imp.
The white imp gestures at you. The puff of frost hits your bat!
Your bat dies!
Your bat's corpse disappears in a puff of smoke!
Grinder blinks!
Your inugami hits the white imp.
Casting: Summon Small Mammal (safe; 1% risk of failure)
Confirm with . or Enter, or press ? or * to list all spells.
Your cerulean imp hits Grinder but does no damage.
The white imp gestures at you. The puff of frost hits you!
You die...

........#######
##.###### #.# #.#
#.# #.# #.# #.#
#### ##.# ##@.#
...# ##§§_# ####
##.r5.# ##..h###
##5.§##
###########...#∩#
..........5..###..
########....## ..#
# #....## ##


You could see Grinder (distracted, ally target), a white imp (ally target), a
friendly cerulean imp (summoned), a friendly quokka (summoned) and a friendly
inugami (summoned).

Vanquished Creatures
  A bombardier beetle (D:3)
  Natasha (twice) (D:3)
  3 gnolls
  An adder (D:2)
  A dart slug (D:1)
  A ribbon worm (D:3)
  An orc (D:3)
  5 endoplasms
  6 goblins
  4 hobgoblins
  5 quokkas
  5 ball pythons
  A bat (D:1)
  4 frilled lizards
  2 kobolds (D:1)
  4 rats
46 creatures vanquished.

Vanquished Creatures (collateral kills)
  Robin (D:2)
  An adder (D:2)
  2 dart slugs
  4 endoplasms
  A giant cockroach (D:2)
  8 goblins
  A hobgoblin (D:2)
  A ball python (D:1)
  A frilled lizard (D:1)
  3 kobolds
  A rat (D:1)
24 creatures vanquished.

Grand Total: 70 creatures vanquished

Notes
Turn   | Place    | Note
-------+----------+-------------------------------------------
     0 | D:1      | Finalfun the Demonspawn Summoner began the quest for the
                  | Orb.
     0 | D:1      | Reached XP level 1. HP: 13/13 MP: 3/3
   227 | D:1      | Reached skill level 1 in Fighting
   465 | D:1      | Gained mutation: You may rarely emit foul miasma when
                  | damaged in melee. [demonic ancestry]
   465 | D:1      | Reached XP level 2. HP: 21/22 MP: 5/5
   727 | D:1      | Reached XP level 3. HP: 19/28 MP: 6/6
   969 | D:2      | Learned a level 2 spell: Call Imp
  1288 | D:2      | Noticed Robin
  1392 | D:2      | Killed Robin
  1393 | D:2      | Reached XP level 4. HP: 25/35 MP: 2/7
  2030 | D:2      | You fall into a shaft and drop 1 floor!
  2098 | D:2      | Noticed Sigmund
  2330 | D:2      | Reached skill level 5 in Summonings
  2364 | D:2      | Learned a level 3 spell: Call Canine Familiar
  2534 | D:3      | Found a transporter.
  2606 | D:3      | Noticed a kobold brigand
  2629 | D:3      | Found a transporter.
  2647 | D:3      | Gained mutation: You sometimes emit foul miasma when
                  | damaged in melee. [demonic ancestry]
  2647 | D:3      | Reached XP level 5. HP: 36/41 MP: 1/8
  2670 | D:3      | Noticed a small abomination
  2676 | D:3      | Noticed an ancient zyme
  2708 | D:3      | Noticed YordlordTheGreat's ghost (weakling DEHs)
  2906 | D:3      | Noticed Natasha
  2912 | D:3      | Killed Natasha
  3053 | D:3      | Found a bloodstained altar of Trog.
  3053 | D:3      | Noticed Natasha
  3056 | D:3      | Killed Natasha
  3057 | D:3      | Reached skill level 6 in Summonings
  3063 | D:3      | Noticed Grinder
  3081 | D:3      | Killed from afar by a white imp

Illustrated notes

Levels and vault maps discovered:
D:1:      amcnicky_arrival_feature_with_door, layout_basic
D:2:      layout_loops_corners, uniq_sigmund, uniq_robin
D:3:      layout_loops_ring, nzn_overflow_gifts_of_might_and_magic,
          gammafunk_ghost_abyssal_escape, uniq_grinder, uniq_natasha

Skill      XL: |  1  2  3  4  5 |
---------------+----------------+-----
Fighting       | 1 2 3 |  3.0
Summonings     | 5 6 |  6.0
Dodging        | |  1.7
Stealth        | |  1.7
Spellcasting   | |  2.4

Action                     |  1- 3 |  4- 6 || total
---------------------------+-------+-------++-------
  Melee: Unarmed           |    19 |       ||    19
         Dagger            |    77 |    18 ||    95
         Whip              |       |    61 ||    61
   Fire: Sling             |       |     8 ||     8
   Cast: Summon Small Mamm |    29 |    19 ||    48
         Call Imp          |     3 |    14 ||    17
         Call Canine Famil |       |     2 ||     2
   Stab: Sleeping          |     3 |     3 ||     6
         Distracted        |       |     1 ||     1
 Armour: Robe              |    55 |    42 ||    97
  Dodge: Dodged            |    54 |    45 ||    99
